 Dungeon Crawl Stone Soup version 0.29-a0-330-g52719c12eb (webtiles) character file.

Game seed: 1824356346757110540

180 sanka the Fighter (level 5, -12/51 HPs)
             Began as a Gnoll Wanderer on May 24, 2022.
             Mangled by a goblin
             ... wielding a +2 dagger of distortion
              (21 damage)
             ... on level 3 of the Dungeon on May 26, 2022.
             The game lasted 00:03:33 (3178 turns).

sanka the Fighter (Gnoll Wanderer)                  Turns: 3178, Time: 00:03:34

Health: -12/51     AC:  4    Str: 20    XL:     5   Next: 60%
Magic:  7/7        EV: 13    Int: 11    God:
Gold:   176        SH:  0    Dex: 11    Spells: 7/7 levels left

rFire   . . .      SeeInvis .   a - +3 dagger
rCold   . . .      Faith    .   (no shield)
rNeg    . . .      Spirit   .   e - +0 leather armour
rPois   .          Reflect  .   (no helmet)
rElec   .          Harm     .   (no cloak)
rCorr   .          Rampage  .   c - +0 pair of gloves
Will    .....                   (no boots)
Stlth   +.........              (no amulet)
HPRegen 0.17/turn               y - +6 ring of strength
MPRegen 0.10/turn               (no ring)

@: no status effects
A: fangs 1, strong nose, distributed training
a: no special abilities


You were on level 3 of the Dungeon.
You visited 1 branch of the dungeon, and saw 3 of its levels.

You collected 176 gold pieces.


Innate Abilities, Weirdness & Mutations

You have very sharp teeth.
Your uncanny sense of smell can sniff out nearby items.
Your experience applies equally to all skills.


   Skills:
 + Level 8.6 Fighting
 + Level 1.5 Short Blades
 + Level 1.5 Long Blades
 + Level 1.5 Axes
 + Level 1.5 Maces & Flails
 + Level 1.5 Polearms
 + Level 1.5 Staves
 + Level 1.5 Slings
 + Level 1.5 Bows
 + Level 1.5 Crossbows
 + Level 6.7 Throwing
 + Level 1.5 Armour
 + Level 4.8 Dodging
 + Level 1.5 Stealth
 + Level 1.5 Shields
 + Level 1.5 Unarmed Combat
 + Level 1.5 Spellcasting
 + Level 1.2 Conjurations
 + Level 1.2 Hexes
 + Level 1.2 Summonings
 + Level 1.2 Necromancy
 + Level 1.2 Translocations
 + Level 1.2 Transmutations
 + Level 1.2 Fire Magic
 + Level 1.2 Ice Magic
 + Level 1.2 Air Magic
 + Level 1.2 Earth Magic
 + Level 1.2 Poison Magic
 + Level 3.1 Invocations
 + Level 1.5 Evocations


You had 7 spell levels left.
You didn't know any spells.
Your spell library was empty.

Inventory:

Hand Weapons
 a - a +3 dagger (weapon)
Missiles
 b - a curare-tipped dart {=f}
 l - 6 boomerangs (quivered)
 x - a boomerang of dispersal {=f}
Armour
 c - a +0 pair of gloves (worn)
 e - a +0 leather armour (worn)
Jewellery
 y - a +6 ring of strength (left hand)
Scrolls
 j - a scroll of fear {unknown}
 k - a scroll of silence {unknown}
 o - a scroll of identify {unknown}
 p - 2 scrolls of teleportation {unknown}
 q - a scroll of brand weapon {unknown}
 r - a scroll of amnesia {unknown}
 s - a scroll of fog {unknown}
 v - 2 scrolls of blinking {unknown}
 w - a scroll of enchant weapon {unknown}
 z - a scroll of enchant armour {unknown}
Potions
 d - a potion of heal wounds {@q2}
 f - 3 potions of degeneration {unknown}
 g - a potion of invisibility {unknown}
 h - a potion of lignification {unknown}
 i - 5 potions of curing {@q1}
 m - 3 potions of attraction {unknown}
 n - a potion of resistance {unknown}
 t - a potion of mutation {unknown}
 u - 2 potions of flight {unknown}

Dungeon Overview and Level Annotations

Branches:
Dungeon (3/15)

Altars:
Elyvilon

▒.▒▒.▒▒▒▒▒.▒▒▒▒▒▒▒
..▒▒...†.▒.▒
▒▒▒▒▒.▒▒.▒.▒▒▒▒▒▒▒
▒ ▒.▒▒.▒gg.O)..▒ ▒
▒.▒▒.▒▒▒▒▒▒▒.▒ ▒
▒.▒▒.▒ ▒.▒ ▒
▒.▒▒.▒ ▒g▒ ▒
▒.▒▒.▒ ▒g▒ ▒
▒.▒▒.▒ ▒g▒ ▒ ▒.▒
▒.▒ ▒.▒▒▒▒▒▒▒.▒
▒.........▒
▒▒▒▒▒▒▒▒▒▒▒ ▒ ▒


You could see 2 goblins.


Message History

* * * LOW HITPOINT WARNING * * *
You barely miss the ogre.
The ogre is heavily wounded.
You barely miss the ogre. You bite the ogre, but do no damage.
The ogre is severely wounded.
You hit the ogre.
The ogre is severely wounded.
The ogre closely misses you.
You hit the ogre. You bite the ogre.
The ogre is almost dead.
You barely miss the ogre.
The ogre is almost dead.
The ogre barely misses you.
You hit the ogre.
You kill the ogre!
Your Invocations skill increases to level 3!
You have reached level 5!
Unknown command.
Unknown command.
You closely miss the goblin.
The goblin hits you with a +2 dagger of distortion.
* * * LOW HITPOINT WARNING * * *
Space warps around you.
* * * LOW HITPOINT WARNING * * *
You barely miss the goblin. The goblin hits you but does no damage.
Space warps horribly around you!!
You die...

Action                   |  1- 3 |  4- 6 || total
-------------------------+-------+-------++-------
Melee: Dagger            |   111 |    61 ||   172
       Bite              |     5 |    10 ||    15
       Punch             |     2 |       ||     2
Throw: Boomerang         |       |     3 ||     3
       Dart              |       |     1 ||     1
 Stab: Sleeping          |     3 |     1 ||     4
Armor: Leather armour    |    25 |    11 ||    36
Dodge: Dodged            |    53 |    34 ||    87

Levels and vault maps discovered:
D:1:      lemuel_arrival_funnel, layout_loops_cross
D:2:      layout_loops_cross, shapermc_ecumenical_altar_petra
D:3:      minmay_door_path, layout_basic, nicolae_elyvilon_temple_path,
          minmay_ogre_servants

Notes
Turn   | Place    | Note
-------+----------+-------------------------------------------
     0 | D:1      | sanka the Gnoll Wanderer began the quest for the Orb.
     0 | D:1      | sanka set off with the following items: a +3 dagger, 2
                  | curare-tipped darts {=f}, a +0 pair of gloves, a potion of
                  | heal wounds {@q2}, a +0 leather armour
     0 | D:1      | Reached XP level 1. HP: 26/26 MP: 2/2
   192 | D:1      | Reached XP level 2. HP: 28/33 MP: 3/3
  1042 | D:2      | Reached XP level 3. HP: 27/38 MP: 4/4
  1729 | D:2      | Found a faded altar of an unknown god.
  1891 | D:3      | Found a white marble altar of Elyvilon.
  2039 | D:3      | Reached skill level 1 in Short Blades
  2039 | D:3      | Reached skill level 1 in Long Blades
  2039 | D:3      | Reached skill level 1 in Axes
  2039 | D:3      | Reached skill level 1 in Maces & Flails
  2039 | D:3      | Reached skill level 1 in Polearms
  2039 | D:3      | Reached skill level 1 in Staves
  2039 | D:3      | Reached skill level 1 in Slings
  2039 | D:3      | Reached skill level 1 in Bows
  2039 | D:3      | Reached skill level 1 in Crossbows
  2039 | D:3      | Reached skill level 1 in Armour
  2039 | D:3      | Reached skill level 1 in Stealth
  2039 | D:3      | Reached skill level 1 in Shields
  2039 | D:3      | Reached skill level 1 in Unarmed Combat
  2039 | D:3      | Reached skill level 1 in Spellcasting
  2039 | D:3      | Reached skill level 1 in Evocations
  2493 | D:3      | Reached XP level 4. HP: 42/45 MP: 6/6
  3078 | D:3      | Reached skill level 1 in Conjurations
  3078 | D:3      | Reached skill level 1 in Hexes
  3078 | D:3      | Reached skill level 1 in Summonings
  3078 | D:3      | Reached skill level 1 in Necromancy
  3078 | D:3      | Reached skill level 1 in Translocations
  3078 | D:3      | Reached skill level 1 in Transmutations
  3078 | D:3      | Reached skill level 1 in Fire Magic
  3078 | D:3      | Reached skill level 1 in Ice Magic
  3078 | D:3      | Reached skill level 1 in Air Magic
  3078 | D:3      | Reached skill level 1 in Earth Magic
  3078 | D:3      | Reached skill level 1 in Poison Magic
  3134 | D:3      | Noticed an ogre
  3176 | D:3      | Killed an ogre
  3177 | D:3      | Reached skill level 3 in Invocations
  3177 | D:3      | Reached XP level 5. HP: 17/51 MP: 7/7
  3178 | D:3      | Mangled by a goblin

Vanquished Creatures
  An ogre (D:3)
  3 adders
  A shadow imp (D:3)
  2 worms
  4 orcs
  4 endoplasms
  A giant cockroach (D:1)
  9 goblins
  4 hobgoblins
  4 kobolds
  3 quokkas
  5 ball pythons
  4 bats (D:3)
  2 frilled lizards
  3 rats (D:2)
50 creatures vanquished.
